AoeStats
← Hobzo von Malowitz

Arabia

508975687Analyzed
3v3 RM · 7d ago on Sep 24, 2026· 52m 0s· 6 players
Game mode
Random Map
Map size
Normal (6 player)
Population
200
Speed
Normal
Resources
Standard
Victory
Conquest
Starting age
Dark Age
Ending age
Imperial Age
RankedLock teamsTeams togetherTeam positionsShared explorationLock speedFull tech treeHidden civsTurbo modeCheats
Victory
Defeat
🇦🇷 Magyars · Argentina
887
+17
🇧🇷 Ethiopians · Brazil
877
+17
🇲🇽 Danes · Mexico
867
+17
🇨🇿 Celts · Czechia
947
-19
🇸🇰 Byzantines · Slovakia
908
-17
🇨🇿 Mongols · Czechia
844
-15
NordicPain
0:39 Loom
11:01 Feudal Age
16:03 Castle Age
17:31 Double-Bit Axe
26:12 Thumb Ring
30:40 Ballistics
30:44 Fletching
30:54 Padded Archer Armor
35:37 Imperial Age
34:37 Masonry
35:26 Wheelbarrow
34:43 Horse Collar
35:21 Bow Saw
35:30 Gold Mining
36:06 Scale Mail Armor
36:07 Gambesons
36:23 Squires
37:21 Heavy Plow
38:54 Conscription
38:29 Arson
39:05 Capped Ram
40:04 Forging
39:48 Hamask
41:44 Elite Varangian Guard
44:06 Iron Casting
43:47 Chain Mail Armor
45:06 Gold Shaft Mining
47:08 Northmen's Fury
47:44 Pikeman
48:16 Siege Ram
50:32 Blast Furnace
50:27 Halberdier
52:35 Plate Mail Armor
pedrohsouthier
0:46 Loom
12:34 Feudal Age
20:46 Castle Age
25:56 Fletching
29:18 Elite Skirmisher
30:31 Crossbowman
50:42 Imperial Age
49:21 Thumb Ring
51:50 Wheelbarrow
davis
2:29 Loom
11:12 Feudal Age
12:01 Double-Bit Axe
21:51 Castle Age
20:24 Horse Collar
20:36 Gold Mining
21:20 Fletching
24:00 Thumb Ring
24:13 Padded Archer Armor
34:09 Bloodlines
35:52 Scale Barding Armor
37:02 Bodkin Arrow
40:45 Husbandry
44:13 Wheelbarrow
44:25 Chain Barding Armor
45:33 Scale Mail Armor
52:44 Imperial Age
Marecek
6:39 Loom
9:59 Feudal Age
11:11 Double-Bit Axe
11:17 Horse Collar
17:50 Wheelbarrow
18:51 Padded Archer Armor
22:15 Castle Age
21:05 Fletching
21:18 Scale Mail Armor
22:36 Forging
23:21 Leather Archer Armor
22:28 Elite Skirmisher
22:56 Pikeman
24:17 Heavy Plow
24:47 Bow Saw
29:02 Scale Barding Armor
29:20 Chain Mail Armor
30:57 Stone Mining
30:58 Gold Mining
32:54 Bodkin Arrow
34:38 Ballistics
37:02 Iron Casting
36:51 Thumb Ring
36:53 Scale Barding Armor
39:01 Gold Shaft Mining
39:01 Stone Shaft Mining
38:49 Chain Barding Armor
40:11 Hand Cart
40:57 Sanctity
44:27 Imperial Age
43:37 Murder Holes
44:22 Husbandry
46:28 Heavy Cavalry Archer
48:19 Halberdier
Hobzo von Malowitz
9:30 Feudal Age
7:46 Loom
10:27 Double-Bit Axe
10:24 Horse Collar
20:04 Fletching
20:27 Forging
21:43 Forging
21:24 Fletching
22:16 Forging
22:14 Padded Archer Armor
22:12 Gold Mining
24:58 Castle Age
23:02 Scale Mail Armor
23:01 Stone Mining
23:41 Fletching
26:03 Thumb Ring
25:45 Pikeman
26:29 Squires
28:00 Iron Casting
27:25 Scale Mail Armor
46:58 Pikeman
PASTIKA
2:52 Loom
11:15 Feudal Age
11:47 Double-Bit Axe
12:15 Horse Collar
15:22 Fletching
20:22 Castle Age
19:11 Stone Mining
19:57 Gold Mining
19:55 Town Watch
21:01 Forging
20:32 Elite Skirmisher
24:42 Wheelbarrow
24:49 Murder Holes
26:14 Scale Mail Armor
26:18 Pikeman
29:59 Ballistics
34:48 Bow Saw
34:41 Heavy Plow
35:04 Stronghold
36:30 Gold Shaft Mining
36:30 Stone Shaft Mining
42:16 Chain Mail Armor
42:37 Iron Casting
42:25 Hand Cart
48:13 Imperial Age
46:42 Stone Shaft Mining
51:19 Halberdier
Connection lost

Rejoining the realm…

Still unreachable

The connection could not be restored.

Session expired

The server has moved on; the page needs a fresh start.